[Event "*** Titled Tuesday Blitz"]
[Site "Chess.com"]
[Date "2020.05.26"]
[Round "6"]
[White "Efremov_Vlad"]
[Black "GM4life"]
[Result "0-1"]
[WhiteElo "2149"]
[BlackElo "2374"]
[TimeControl "180+1"]
[EndTime "11:08:00 PDT"]
[Termination "GM4life won on time"]

1. c4 e6 2. d4 d5 3. Nf3 Nf6 4. Nc3 Bb4 5. Qa4+ Nc6 6. e3 O-O 7. Bd2 Bd7 8. Qc2 Re8 9. a3 Bf8 10. c5 b6 11. b4 bxc5 12. bxc5 Rb8 13. Bb5 a6 14. Bxc6 Bxc6 15. O-O Bb5 16. Rfb1 c6 17. a4 Bc4 18. Ne5 Qc7 19. Nxc4 dxc4 20. Ne2 Ng4 21. g3 e5 22. Qxc4 exd4 23. Nxd4 Qe5 24. h3 Nf6 25.
Nxc6 Rxb1+ 26. Rxb1 Qf5 27. Rf1 Qxh3 28. Qh4 Qd7 29. Nd4 Bxc5 30. a5 Re4 31. Qg5 Bxd4 32.
exd4 Rxd4 33. Bc3 Rd5 34. Qf4 Qd8 35. Bxf6 gxf6 36. Rb1 Rd1+ 37. Rxd1 Qxd1+ 38. Kh2 Qh5+ 39. Kg2 Qxa5 40. Qg4+ Kf8 41. Qc8+ Ke7 42. Qb7+ Ke6 43. Qc6+ Ke5 44. Qd7 Qd5+ 45. Qxd5+ Kxd5 0-1

[Event "*** Titled Tuesday Blitz"]
[Site "Chess.com"]
[Date "2020.05.26"]
[Round "6"]
[White "mishanick"]
[Black "Spartakus1975"]
[Result "1-0"]
[WhiteElo "2960"]
[BlackElo "2686"]
[TimeControl "180+1"]
[EndTime "11:08:01 PDT"]
[Termination "mishanick won by resignation"]

1. d4 d5 2. c4 c6 3. Nf3 Nf6 4. Nc3 a6 5. e3 e6 6. Be2 c5 7. cxd5 exd5 8. O-O Nc6 9. b3 cxd4 10.
Nxd4 Bd6 11. Bb2 O-O 12. Rc1 Qe7 13. Bf3 Qe5 14. g3 Bh3 15. Re1 Rac8 16. Nce2 Qg5 17. Nf4 Bd7 18. h4 Qe5 19. Rc2 Qe7 20. Nxd5 Nxd5 21. Bxd5 Ne5 22. Rxc8 Bxc8 23. Qc2 g6 24. Bg2 Bg4 25. Qe4 Bc8 26. Rc1 Rd8 27. h5 Ng4 28.
Rxc8 Rxc8 29. Qxg4 Rd8 30. hxg6 hxg6 31. Bd5 Kf8 32.
Nf3 Ba3 33. Bxa3 Qxa3 34. Qg5 Qc1+ 35. Kg2 Qc7 36. a4 Qe7 37. Qh6+ Ke8 38. Bc4 Rd6 39. Qh8+ Kd7 40. Bxf7 Qxf7 41. Ne5+ Ke6 42. Nxf7 1-0

[Event "*** Titled Tuesday Blitz"]
[Site "Chess.com"]
[Date "2020.05.26"]
[Round "6"]
[White "letsgoband"]
[Black "ChessTraining77"]
[Result "1-0"]
[WhiteElo "2394"]
[BlackElo "2512"]
[TimeControl "180+1"]
[EndTime "11:08:02 PDT"]
[Termination "letsgoband won by resignation"]

1. e4 c6 2. d4 d5 3. Nc3 dxe4 4. Nxe4 Bf5 5. Ng3 Bg6 6. h4 h6 7. Nf3 Nd7 8. h5 Bh7 9. Bd3 Bxd3 10. Qxd3 e6 11.
Bf4 Qa5+ 12. Bd2 Bb4 13. c3 Be7 14. c4 Qc7 15. O-O-O Ngf6 16. Ne4 b5 17. c5 Nxe4 18.
Qxe4 Nf6 19. Qe2 Nd5 20. Ne5 Bf6 21. g4 Bxe5 22. dxe5 O-O-O 23. f4 Kb7 24. Kb1 Rd7 25. Qe1 Re8 26. Ba5 Qc8 27. Qe4 f6 28. a4 a6 29. Ka2 Rf7 30. Qg6 Ree7 31. Rd4 fxe5 32. fxe5 Rf2 33. Rhd1 Qe8 34. Be1 Rf3 35. Bh4 Qxg6 36.
hxg6 Re8 37. Rg1 Ref8 38. g5 h5 39. Be1 R8f5 40. Rh4 R3f4 41. Rxf4 Nxf4 42. axb5 axb5 43. Rh1 Ng2 44. Bd2 Rf2 45. Bc1 h4 46. Rh2 Re2 47. Kb3 Nf4 48. Bxf4 1-0

[Event "*** Titled Tuesday Blitz"]
[Site "Chess.com"]
[Date "2020.05.26"]
[Round "6"]
[White "VincentKeymer"]
[Black "ChessWarrior7197"]
[Result "0-1"]
[WhiteElo "2833"]
[BlackElo "2920"]
[TimeControl "180+1"]
[EndTime "11:08:03 PDT"]
[Termination "ChessWarrior7197 won by resignation"]

1. Nf3 d5 2. e3 Nf6 3. c4 e6 4. Nc3 b6 5. cxd5 exd5 6. g3 Bb7 7. Bg2 Bd6 8. O-O O-O 9. b3 a6 10. Bb2 Nbd7 11. Rc1 Re8 12. Re1 Qe7 13. Re2 b5 14. d4 b4 15. Na4 Ne4 16. Rec2 c6 17. Ne1 a5 18. Nd3 Rac8 19. Nac5 Ndxc5 20. dxc5 Bc7 21. Qg4 g6 22. Qh3 Rcd8 23. Qh6 f6 24.
Bxe4 dxe4 25. Nf4 Qg7 26. Qxg7+ Kxg7 27. Bd4 Ba6 28. Rd2 Be5 29. Rcd1 g5 30. Ng2 Rd5 31.
Bxe5 Rdxe5 32. Rd7+ Kg6 33. h4 h6 34. g4 R8e7 35.
R1d6 Bb5 36. h5+ Kf7 37. Ne1 Rxc5 38. Kg2 Rc1 39. Rd1 Rxd7 40. Rxc1 Rd2 41. Nc2 c5 42. Ne1 Rxa2 43. Rxc5 Be2 44. Kg3 a4 45. bxa4 b3 46.
Rc7+ Ke8 47. Rb7 b2 48. a5 Bd3 49. Nxd3 exd3 50. Kf3 d2 51. Ke2 Ra1 52. Kxd2 b1=Q 0-1

[Event "*** Titled Tuesday Blitz"]
[Site "Chess.com"]
[Date "2020.05.26"]
[Round "6"]
[White "elamier"]
[Black "DACF2905"]
[Result "1-0"]
[WhiteElo "2110"]
[BlackElo "2263"]
[TimeControl "180+1"]
[EndTime "11:08:03 PDT"]
[Termination "elamier won by resignation"]

1. d4 Nf6 2. Bg5 Ne4 3. Bf4 c5 4. f3 Nf6 5. d5 g6 6. Nc3 d6 7.
e4 Bg7 8. Qd2 h6 9. Bb5+ Bd7 10.
a4 a6 11. Bxd7+ Nbxd7 12. Nge2 Nh5 13. Be3 Ne5 14. b3 g5 15. O-O Ng6 16. g4 Nhf4 17. Ng3 Qa5 18. Nce2 Qxd2 19. Bxd2 Bxa1 20. Rxa1 Kd7 21.
Nxf4 gxf4 22. Nh5 Ne5 23. Kf2 b5 24. Nxf4 Rhb8 25. Ne2 f6 26. Bxh6 Rh8 27. Bf4 c4 28. Nd4 cxb3 29. cxb3 Nd3+ 30. Ke3 Nxf4 31. Kxf4 bxa4 32.
Kg3 axb3 33. Nxb3 Rhb8 34. Na5 Rb5 35. h4 Kc7 36. h5 Kb6 37. Nc6 a5 38. Nxe7 a4 39.
Nf5 Kc7 40. Nd4 Rc5 41. Ne6+ Kb6 42. Nxc5 dxc5 43. f4 a3 44. g5 fxg5 45. fxg5 a2 46. g6 c4 47. h6 c3 48. g7 c2 49. h7 1-0

[Event "*** Titled Tuesday Blitz"]
[Site "Chess.com"]
[Date "2020.05.26"]
[Round "6"]
[White "marszach123"]
[Black "TheSodabread"]
[Result "1/2-1/2"]
[WhiteElo "2174"]
[BlackElo "1991"]
[TimeControl "180+1"]
[EndTime "11:08:03 PDT"]
[Termination "Game drawn by repetition"]

1. e4 d6 2. d4 Nf6 3. Nc3 Nbd7 4. f4 e5 5. Nf3 exd4 6. Qxd4 c6 7. Be3 d5 8. e5 Bc5 9. Qd2 Bxe3 10. Qxe3 Ng4 11.
Qd2 O-O 12. O-O-O Nb6 13. h3 Nh6 14. g4 Qc7 15. Bd3 Nc4 16. Bxc4 dxc4 17. f5 b5 18. Qg5 f6 19. exf6 Rxf6 20. Ne4 Rf8 21. f6 Be6 22.
Nc5 Bd5 23. Rxd5 cxd5 24. Ne6 Qf7 25. Nxf8 Rxf8 26. fxg7 Qxg7 27. Qxd5+ Qf7 28. Qxf7+ Rxf7 29. Ne5 Rf2 30. a4 a6 31. axb5 axb5 32. Nc6 Nf7 33.
Nd4 b4 34. Nc6 b3 35. cxb3 cxb3 36. Nd4 Ne5 37. Nxb3 Nd3+ 38. Kd1 Nxb2+ 39. Ke1 Nd3+ 40. Kd1 Nb2+ 41. Kc1 Nd3+ 42. Kd1 Nb2+ 1/2-1/2

[Event "*** Titled Tuesday Blitz"]
[Site "Chess.com"]
[Date "2020.05.26"]
[Round "6"]
[White "MusicCityMaster"]
[Black "iLuusions"]
[Result "1-0"]
[WhiteElo "2378"]
[BlackElo "2569"]
[TimeControl "180+1"]
[EndTime "11:08:04 PDT"]
[Termination "MusicCityMaster won on time"]

1. e4 c5 2. Nf3 e6 3. d4 cxd4 4. Nxd4 a6 5. Bd3 Bc5 6. Nb3 Ba7 7. Qe2 d6 8. O-O Nc6 9. Be3 Nge7 10. Nc3 e5 11. a4 Bxe3 12. Qxe3 b6 13. Bc4 O-O 14. Rad1 Be6 15. Nd5 Bxd5 16. Bxd5 Qc7 17. c3 Rab8 18. Rd2 Nxd5 19. Rxd5 Ne7 20. Rd2 Qc4 21. Nc1 Qxa4 22. Rxd6 b5 23. Rfd1 Ng6 24. g3 b4 25. b3 Qa3 26. c4 a5 27. R6d2 Qa1 28.
Ne2 Qa3 29. Nc1 Qa1 30. Ra2 Qb1 31. Rxa5 Rfd8 32. Rad5 Rxd5 33. exd5 e4 34. d6 Ne5 35. Kg2 f5 36. Qd4 Nd7 37. Qd5+ Kh8 38. c5 Qc2 39. c6 Nf6 40. c7 Rf8 41. Qd4 Qc6 42.
d7 1-0

[Event "*** Titled Tuesday Blitz"]
[Site "Chess.com"]
[Date "2020.05.26"]
[Round "6"]
[White "WeAintSurePal"]
[Black "GMartin_Petrov"]
[Result "1-0"]
[WhiteElo "2333"]
[BlackElo "2554"]
[TimeControl "180+1"]
[EndTime "11:08:04 PDT"]
[Termination "WeAintSurePal won on time"]

1. d4 Nf6 2. Nf3 e6 3. Bf4 b5 4. e3 a6 5. Bd3 Bb7 6. Nbd2 d6 7. c3 h6 8. h3 Nbd7 9. O-O g5 10. Bh2 g4 11.
hxg4 Nxg4 12. a4 Nxh2 13. Kxh2 bxa4 14. Qxa4 Rg8 15. Be4 Bxe4 16. Nxe4 d5 17. Ng3 Bd6 18. Ne5 Qh4+ 19. Kg1 Bxe5 20. Qc6 Ke7 21. dxe5 Nxe5 22. Qxc7+ Kf6 23. Rfd1 Rac8 24. Qd6 Rxg3 25. fxg3 Qxg3 26. Rf1+ Kg6 27. Qe7 Qxe3+ 28. Kh1 Qg5 29. Qxg5+ hxg5 30. Rxa6 Nd3 31. Ra2 e5 32. Ra6+ Kg7 33. Ra7 Rf8 34. b4 e4 35. Rf5 e3 36. Re7 Kg6 37. Rxd5 Nf4 38. Rd6+ Kf5 39. Rxe3 Rc8 40. b5 Kg4 41. b6 f5 42. b7 Rh8+ 43. Kg1 Kh4 44. Rb6 1-0

[Event "*** Titled Tuesday Blitz"]
[Site "Chess.com"]
[Date "2020.05.26"]
[Round "6"]
[White "ChessyInstinct"]
[Black "PauloCesarCosta_sad"]
[Result "1-0"]
[WhiteElo "2404"]
[BlackElo "2189"]
[TimeControl "180+1"]
[EndTime "11:08:06 PDT"]
[Termination "ChessyInstinct won on time"]

1. d4 d5 2. c4 c6 3. Nf3 e6 4. Nc3 dxc4 5. g3 b5 6. Bg2 Bb7 7. Ne5 a6 8. a4 Nf6 9. axb5 axb5 10. Rxa8 Bxa8 11. O-O Nd5 12. e4 Nxc3 13. bxc3 Nd7 14. Bf4 Nxe5 15. Bxe5 f6 16. Bf4 Bd6 17. e5 fxe5 18.
dxe5 Bc5 19. Qh5+ g6 20. Qg4 Qe7 21. Bg5 Qf7 22. Bf6 O-O 23. h4 Be7 24. Bxe7 Qxe7 25. h5 Qf7 26. Bh3 Qf5 27. hxg6 hxg6 28. Qh4 Qxe5 29.
Qh6 Qf6 30. f4 c5 31. Re1 Bd5 32. Re5 b4 33. Rg5 Kf7 34. Qh7+ Qg7 35. Qh4 Rh8 36. Qg4 Qf6 37. Re5 bxc3 38. Rxd5 exd5 39. Qd7+ Qe7 40. Qxd5+ Ke8 41. Qa8+ 1-0

[Event "*** Titled Tuesday Blitz"]
[Site "Chess.com"]
[Date "2020.05.26"]
[Round "6"]
[White "FrogMist"]
[Black "warmoatmeal"]
[Result "1-0"]
[WhiteElo "2359"]
[BlackElo "2146"]
[TimeControl "180+1"]
[EndTime "11:08:06 PDT"]
[Termination "FrogMist won by checkmate"]

1. d4 Nf6 2. c4 c6 3. Nf3 d5 4. e3 Bg4 5. Qb3 Qb6 6. Nc3 e6 7. Ne5 Bf5 8. Be2 Nbd7 9. Nxd7 Nxd7 10. g4 Bg6 11. c5 Qc7 12. Bd2 Be7 13. h4 h5 14. gxh5 Bxh5 15. Bxh5 Rxh5 16. Qd1 Rxh4 17. Rxh4 Bxh4 18. Qh5 Bf6 19. O-O-O g6 20. Qg4 O-O-O 21. Rh1 Rh8 22. Rxh8+ Bxh8 23. Qh3 Bf6 24. f3 e5 25. Ne2 b6 26. f4 e4 27. cxb6 axb6 28.
Nc3 Kb7 29. Be1 Nf8 30. f5 g5 31. Bg3 Qe7 32. Bh2 Bg7 33. Qg3 Qd8 34. b4 Bf6 35.
Kc2 Nd7 36. Qd6 Nb8 37. Qg3 Na6 38. a3 Qc7 39. Qh3 Qd7 40. Kb3 Nc7 41. a4 Ne8 42. Qg3 Qc7 43. Qg2 Qd7 44. a5 Nd6 45. axb6 Kxb6 46.
Na4+ Ka7 47. Nc5 Qd8 48. Qa2+ Kb8 49. Qa6 Kc7 50. Qb7# 1-0

[Event "*** Titled Tuesday Blitz"]
[Site "Chess.com"]
[Date "2020.05.26"]
[Round "6"]
[White "JTCoach"]
[Black "bazar-wokzal"]
[Result "0-1"]
[WhiteElo "2647"]
[BlackElo "2478"]
[TimeControl "180+1"]
[EndTime "11:08:09 PDT"]
[Termination "bazar-wokzal won by resignation"]

1. e4 Nc6 2. d4 d5 3. exd5 Qxd5 4. Nf3 Bg4 5. Be2 O-O-O 6. Nc3 Qh5 7. Be3 e5 8. h3 exd4 9. Nxd4 Bxe2 10. Qxe2 Qxe2+ 11. Ncxe2 Nxd4 12. Nxd4 Nf6 13. O-O-O Bc5 14. Rhe1 Rhe8 15. Nf5 Rxd1+ 16. Kxd1 Bxe3 17. Rxe3 Rxe3 18. Nxe3 Kd7 19. Ke2 g6 20. Kd3 b6 21. b4 Ke6 22. c4 Nd7 23. a3 c5 24. b5 f5 25. Nd5 Kd6 26.
a4 Ne5+ 27. Kc3 g5 28. f4 gxf4 29. Nxf4 Ng6 30. Nd5 Ke5 31. g3 f4 32. gxf4+ Nxf4 33. Ne7 Nxh3 34. Nc6+ Kd6 35. Nxa7 Nf4 36. Nc8+ Kc7 37.
Ne7 h5 38. Nf5 Ng6 39. Kd3 h4 40. Ke4 h3 41. Kf3 Ne5+ 42. Kg3 Nxc4 43. Kxh3 Nb2 44. Kg4 Nxa4 45. Ne3 Nc3 46. Kf5 Nxb5 47. Ke6 Kc6 48. Nf5 Nd4+ 49. Nxd4+ cxd4 0-1

[Event "*** Titled Tuesday Blitz"]
[Site "Chess.com"]
[Date "2020.05.26"]
[Round "6"]
[White "Dmitry_Konenkin"]
[Black "realmadridtv"]
[Result "0-1"]
[WhiteElo "2263"]
[BlackElo "2455"]
[TimeControl "180+1"]
[EndTime "11:08:09 PDT"]
[Termination "realmadridtv won on time"]

1. d4 Nf6 2. Bg5 d5 3. Nd2 c5 4. e3 Qb6 5. dxc5 Qxb2 6. Ngf3 Qc3 7. Bd3 Qxc5 8. O-O Qc7 9. Bf4 Qd8 10. Ne5 Nc6 11. Ndf3 e6 12. Nd4 Nxd4 13. exd4 Be7 14. Bb5+ Nd7 15. c4 O-O 16. cxd5 exd5 17. Qf3 Nf6 18.
a4 Bf5 19. Rfc1 Rc8 20. Rxc8 Qxc8 21. Rc1 Qd8 22. Bg3 Be4 23. Qb3 Qa5 24. f3 Bf5 25. Be1 Qd8 26. Bf2 Qa5 27. Be1 Qb6 28. Bf2 a6 29. Bc4 Qxb3 30. Bxb3 Bd6 31. Bh4 Be6 32. Bxf6 gxf6 33. Nd3 b6 34. Kf2 a5 35. g3 Kg7 36. Rc6 Be7 37. Rxb6 f5 38. Rb5 Rc8 39. Bxd5 Bd7 40. Rxa5 Rc3 41. Ne5 Be8 42. Ra7 Kf8 43.
Ra8 f6 44. Nd7+ Kg7 45. Rxe8 Ba3 46. Rg8+ Kh6 47. Nxf6 Rc2+ 48. Ke3 Bc1+ 49. Kd3 Rd2+ 50. Kc4 Rxh2 51. g4 fxg4 52. fxg4 Rc2+ 53. Kb5 Bf4 54.
a5 Be3 55. Be4 Rb2+ 56. Kc4 Ra2 57. Nd5 Ra4+ 0-1

[Event "*** Titled Tuesday Blitz"]
[Site "Chess.com"]
[Date "2020.05.26"]
[Round "6"]
[White "atwalcb"]
[Black "northridgehawk"]
[Result "0-1"]
[WhiteElo "2387"]
[BlackElo "2201"]
[TimeControl "180+1"]
[EndTime "11:08:09 PDT"]
[Termination "northridgehawk won by resignation"]

1. d4 Nf6 2. Bg5 c5 3. d5 Ne4 4. Bf4 d6 5. Nd2 Nf6 6. e4 Nbd7 7. Ngf3 g6 8. g3 Bg7 9. a4 O-O 10. Bg2 b6 11. O-O a6 12. h3 Bb7 13. Re1 b5 14. axb5 axb5 15. c3 Qb6 16. Qc2 Ra6 17. Rxa6 Qxa6 18. Bf1 Ra8 19. Nb3 Qb6 20. Be3 Ra4 21.
Nbd2 Qa6 22. Qb3 c4 23. Qc2 Ra2 24. Nd4 Nc5 25. Rb1 Nfd7 26. Nxb5 Qxb5 27. Bxc4 Qa5 28. Bxa2 Qxa2 29. Rc1 Ba6 30. f3 Bd3 31. Qd1 Nb6 32.
b4 Nca4 33. Bxb6 Nxb6 34. Nf1 Qc4 35. Ne3 Qb5 36. Qd2 Bc4 37. Ra1 h5 38. h4 Kh7 39.
Kf2 Bh6 40. Qc2 Bd3 41. Qd2 Nc4 42. Qxd3 Bxe3+ 43. Kg2 Bh6 44. Ra5 Ne3+ 45. Qxe3 Qc4 46. Rb5 Bxe3 47. Rb7 Qe2+ 48. Kh3 Qxf3 0-1

[Event "*** Titled Tuesday Blitz"]
[Site "Chess.com"]
[Date "2020.05.26"]
[Round "6"]
[White "MacDaddyMac"]
[Black "DucksParadise"]
[Result "1-0"]
[WhiteElo "2258"]
[BlackElo "2052"]
[TimeControl "180+1"]
[EndTime "11:08:09 PDT"]
[Termination "MacDaddyMac won by resignation"]

1. e4 e6 2. d4 Qe7 3. Nc3 d6 4. Be3 Nf6 5. f3 Nc6 6. Bb5 Bd7 7. Nge2 a6 8. Ba4 e5 9. d5 Na5 10. Bxd7+ Qxd7 11. b3 b5 12. Qd2 Nb7 13. Nd1 h5 14. Nf2 g6 15. c4 bxc4 16. bxc4 c5 17. Qc2 Bh6 18. Bxh6 Rxh6 19. Qd2 Rh8 20. Qg5 Qe7 21. h4 Na5 22. Qd2 Nxc4 23. Qc2 Nb6 24. Rb1 Nfd7 25. a4 a5 26. Rb5 Qd8 27. g3 Qc7 28. Kd2 c4 29.
Nc3 Ke7 30. Rhb1 Rab8 31. Rxa5 Nc5 32. Nb5 Qd7 33. Ke2 Rb7 34. Nd1 Ncxa4 35. Rxa4 Nxa4 36. Qxa4 Rc8 37. Ndc3 Rc5 38. Qa6 f5 39. exf5 gxf5 40. f4 exf4 41. gxf4 Kf6 42. Kf3 Rbxb5 43. Nxb5 c3 44.
Qxd6+ Qxd6 45. Nxd6 c2 46. Rc1 Rxd5 47. Nc4 Rc5 48.
Rxc2 Ke6 49. Ne3 Kf6 50. Rxc5 1-0

[Event "*** Titled Tuesday Blitz"]
[Site "Chess.com"]
[Date "2020.05.26"]
[Round "6"]
[White "ljuks68"]
[Black "SamuelGhimpu2003"]
[Result "1-0"]
[WhiteElo "2345"]
[BlackElo "2561"]
[TimeControl "180+1"]
[EndTime "11:08:10 PDT"]
[Termination "ljuks68 won on time"]

1. e4 e6 2. d4 d5 3. Nc3 Nf6 4.
Bg5 dxe4 5. Nxe4 Nbd7 6. Nf3 h6 7. Nxf6+ Nxf6 8. Be3 Bd6 9. Bd3 Nd5 10. Qd2 Nxe3 11. fxe3 c5 12. O-O-O Bd7 13. Be4 Qc7 14. d5 O-O-O 15.
c4 f5 16. Bc2 exd5 17. cxd5 g5 18. Kb1 Kb8 19. h3 Rhe8 20. Qd3 Re7 21. Nd2 Rde8 22.
Nc4 b5 23. Nxd6 Qxd6 24. Rhe1 f4 25. e4 a6 26. Qc3 Ka7 27. a4 Kb6 28. a5+ Ka7 29.
Bd3 b4 30. Qc2 h5 31. Rc1 Rc8 32. Bc4 Bb5 33. Qe2 Bxc4 34. Rxc4 h4 35. Rec1 Rec7 36. Rd1 Re8 37. Qf2 Kb7 38. Rdc1 Rec8 39. Qc2 Kb8 40. Qe2 Kb7 41. Qg4 Re8 42. Qxg5 Re5 43. Qg4 Qf6 44. Rxc5 Rce7 45. Qf3 Qd6 46. Qf2 Rxe4 47.
Rc6 1-0

[Event "*** Titled Tuesday Blitz"]
[Site "Chess.com"]
[Date "2020.05.26"]
[Round "6"]
[White "kushagramohan"]
[Black "zajka-molotok"]
[Result "1-0"]
[WhiteElo "2676"]
[BlackElo "2375"]
[TimeControl "180+1"]
[EndTime "11:08:11 PDT"]
[Termination "kushagramohan won by resignation"]

1. e4 e5 2. Nf3 Nc6 3. Bb5 a6 4. Ba4 b5 5. Bb3 Na5 6. Nxe5 Nxb3 7. axb3 Qe7 8. d4 d6 9. Nf3 Qxe4+ 10. Be3 Bf5 11. Nc3 Qxc2 12. Nd5 Qxd1+ 13. Kxd1 Kd7 14. Kd2 Ne7 15. Nb4 a5 16. Ra3 Nc8 17. Rha1 d5 18.
Nxd5 Bxa3 19. bxa3 Be4 20. Ne5+ Kd8 21. Nc3 Nd6 22.
a4 b4 23. Nb5 Bd5 24. Rc1 f6 25. Nxc7 fxe5 26. dxe5 Ne4+ 27. Kd3 Bb7 28. Nxa8 Bxa8 29. Bb6+ Kd7 30. Bxa5 Rc8 31. Rxc8 Kxc8 32. f3 Nc5+ 33. Kc4 Ne6 34. Bxb4 Nf4 35. g3 Nd5 36. f4 Nxb4 37.
Kxb4 Bd5 38. Kc3 Be6 39. b4 Kb7 40. b5 Kb6 41. Kb4 Bd7 42. a5+ Kb7 43. Kc5 g6 44. h4 h5 45. b6 Bf5 46. Kd6 Ka6 47. e6 Be4 48. e7 1-0

[Event "*** Titled Tuesday Blitz"]
[Site "Chess.com"]
[Date "2020.05.26"]
[Round "6"]
[White "BaMBoMaTTo"]
[Black "angryhorse9"]
[Result "1-0"]
[WhiteElo "2680"]
[BlackElo "2468"]
[TimeControl "180+1"]
[EndTime "11:08:11 PDT"]
[Termination "BaMBoMaTTo won by resignation"]

1. e4 c5 2. Nf3 Nc6 3. d4 cxd4 4.
Nxd4 Nf6 5. Nc3 d6 6. Bg5 e6 7. Qd2 Qb6 8. Bxf6 gxf6 9. Nb3 Bd7 10. O-O-O O-O-O 11. f4 Kb8 12. Be2 h5 13. Rhf1 Na5 14.
Kb1 Nxb3 15. axb3 Bc6 16. Bf3 Be7 17. Qe2 h4 18. Bg4 Bd7 19. Rf3 Qa5 20. Rfd3 Rc8 21.
e5 fxe5 22. fxe5 d5 23. Nxd5 Bc5 24. b4 Bxb4 25. Nxb4 Bb5 26. Qe1 Rc4 27. Rd4 Rhc8 28. Be2 R4c5 29. Nd3 Bxd3 30. Bxd3 Qb6 31. Rb4 Qc7 32. Qe4 b6 33. Re1 Rd8 34. Rc4 Rdd5 35. Rxc5 Rxc5 36. Qxh4 Rxe5 37. Qh8+ Kb7 38. Qxe5 1-0

[Event "*** Titled Tuesday Blitz"]
[Site "Chess.com"]
[Date "2020.05.26"]
[Round "6"]
[White "amintabatabaei"]
[Black "Blitzstream"]
[Result "0-1"]
[WhiteElo "2901"]
[BlackElo "2697"]
[TimeControl "180+1"]
[EndTime "11:08:12 PDT"]
[Termination "Blitzstream won on time"]

1. e4 d5 2. exd5 Qxd5 3. Nc3 Qa5 4. d4 Nf6 5. Bc4 Bg4 6. Nf3 Nc6 7. h3 Bxf3 8. Qxf3 O-O-O 9. d5 Ne5 10. Qf5+ Ned7 11. Bd2 e6 12. Qg5 h6 13. Qg3 Bd6 14.
Qxg7 Rdg8 15. Qxf7 Rh7 16. Qxe6 Re7 17. O-O-O Rxe6 18.
dxe6 Ne5 19. Bb3 Qa6 20. f4 Nc4 21. Be1 Bxf4+ 22. Kb1 Be5 23. Rf1 Ne3 24. Rxf6 Bxf6 25. Rd3 Nxg2 26. Bd2 Re8 27. a4 Bg5 28. Bxg5 hxg5 29.
Ne4 Nf4 30. Nc5 Qb6 31. Rc3 a6 32. Ka2 Nxe6 33. Nxe6 Rxe6 34. Bxe6+ Qxe6+ 35. b3 Qe5 36. Rd3 Qf5 37. Kb1 b5 38. axb5 axb5 39. Kb2 c5 40.
Kb1 Qe5 41. Kc1 Kc7 42. Kb1 c4 0-1

[Event "*** Titled Tuesday Blitz"]
[Site "Chess.com"]
[Date "2020.05.26"]
[Round "6"]
[White "Grineva_Marianna"]
[Black "Everyfishknows"]
[Result "1-0"]
[WhiteElo "2145"]
[BlackElo "2329"]
[TimeControl "180+1"]
[EndTime "11:08:12 PDT"]
[Termination "Grineva_Marianna won by resignation"]

1. d4 Nf6 2. c4 e6 3. Nc3 Bb4 4. e3 O-O 5. Ne2 d5 6. a3 Be7 7. Ng3 Nbd7 8. b4 a5 9. b5 c5 10. bxc6 bxc6 11. c5 e5 12. Be2 Re8 13. O-O Bf8 14.
Rb1 g6 15. Bd2 Ba6 16. Re1 Bxe2 17. Ngxe2 Bg7 18. Qa4 Qc7 19. Rb3 exd4 20. exd4 Ne4 21. Be3 Nxc3 22. Nxc3 f5 23. g3 Nf6 24. Reb1 Ng4 25.
Bf4 Qd7 26. Rb7 Qe6 27. h3 Nf6 28. Be5 Nd7 29. Bxg7 Kxg7 30. Kg2 Re7 31. R1b2 Rae8 32. Re2 Qf6 33. Rxd7 Rxd7 34. Rxe8 Kf7 35. Rc8 f4 36.
Qxc6 f3+ 37. Kh2 Qf5 38. Rc7 Rxc7 39. Qxc7+ Kg8 40. Qd8+ Kg7 41. Qxd5 Qc2 42. Qe5+ Kg8 43. Qe3 Qd1 44. Nd5 Qf1 45. Qxf3 Qc4 46. Ne7+ Kg7 47. d5 Qxc5 48. Qe4 Qxf2+ 49. Qg2 Qf1 1-0

[Event "*** Titled Tuesday Blitz"]
[Site "Chess.com"]
[Date "2020.05.26"]
[Round "6"]
[White "rynos0411"]
[Black "MFguimaraes"]
[Result "1-0"]
[WhiteElo "2368"]
[BlackElo "2496"]
[TimeControl "180+1"]
[EndTime "11:08:13 PDT"]
[Termination "rynos0411 won by resignation"]

1. d4 Nf6 2. c4 c6 3. Nc3 d5 4. e3 e6 5. Nf3 Nbd7 6. Bd3 Be7 7. O-O O-O 8. b3 Re8 9. Bb2 b6 10. Re1 Bb7 11. Rc1 Rc8 12. Ne5 Nxe5 13. dxe5 Nd7 14. Ne2 Bb4 15. Rf1 Nc5 16. Bb1 Ne4 17. Qc2 g6 18. Rfd1 Qh4 19. Ng3 Nxg3 20. hxg3 Qh5 21. Rd4 Be7 22. g4 Qh6 23. Qe2 c5 24. Rdd1 Red8 25.
cxd5 Bxd5 26. Bd3 Bc6 27. Ba6 Rxd1+ 28. Rxd1 Rd8 29. Rxd8+ Bxd8 30. Bb5 Bd5 31. e4 Ba8 32. Qd1 Qf8 33. Qd7 Qe7 34. Qc8 Kg7 35. Qxa8 Bc7 36.
Qc6 Qd8 37. Qd7 Qb8 38. f4 Bd8 39. f5 gxf5 40. exf5 exf5 41. gxf5 Bg5 42. e6+ Kh6 43. Qxf7 Be3+ 44. Kh1 Qg3 45. Qf6+ Kh5 46. Be8+ Kg4 47. Qg7+ Kh4 48. Qxg3+ Kxg3 49. f6 1-0

[Event "*** Titled Tuesday Blitz"]
[Site "Chess.com"]
[Date "2020.05.26"]
[Round "6"]
[White "2008king"]
[Black "grunbergmihai"]
[Result "0-1"]
[WhiteElo "2116"]
[BlackElo "2379"]
[TimeControl "180+1"]
[EndTime "11:08:13 PDT"]
[Termination "grunbergmihai won by resignation"]

1. e4 c5 2. Nf3 e6 3. d4 cxd4 4. Nxd4 Nc6 5. Nc3 Qc7 6. Be3 a6 7. Qf3 Nf6 8. Qg3 Qxg3 9. hxg3 Bb4 10. f3 d5 11. Nxc6 bxc6 12. e5 Nd7 13. f4 c5 14. Bd2 Bb7 15. Bd3 d4 16. Ne4 Bxd2+ 17. Kxd2 Ke7 18. Rhe1 Rab8 19. Rab1 a5 20. a4 h6 21. b3 Bxe4 22. Bxe4 Rhc8 23. Bd3 Nb6 24. Be4 Rd8 25. g4 c4 26. f5 c3+ 27. Kd3 Rbc8 28. Rf1 Rc5 29. f6+ Kf8 30. fxg7+ Kxg7 31. Rf2 Rxe5 32. Rbf1 Rd7 33. Rf6 Rg5 34. R6f4 e5 35.
R4f3 Re7 36. Bf5 h5 37. gxh5 Rxh5 38. Rg3+ Kh6 39. Be4 Nd7 40. Rf5 Nc5+ 41. Kc4 Nxe4 42. Rxh5+ Kxh5 43. Rg8 Nf6 44. Rh8+ Kg6 45. Ra8 Rc7+ 46.
Kd3 Rd7 47. Rxa5 e4+ 48. Ke2 d3+ 49. Kd1 dxc2+ 50. Kxc2 e3 51. Kxc3 Re7 52. Rg5+ 0-1

[Event "*** Titled Tuesday Blitz"]
[Site "Chess.com"]
[Date "2020.05.26"]
[Round "6"]
[White "51616516516"]
[Black "Ranindu2003"]
[Result "1-0"]
[WhiteElo "2372"]
[BlackElo "2508"]
[TimeControl "180+1"]
[EndTime "11:08:15 PDT"]
[Termination "51616516516 won by checkmate"]

1. d4 d5 2. c4 dxc4 3. Nf3 Nf6 4. e3 e6 5. Bxc4 a6 6. O-O b5 7. Bd3 Bb7 8. Qe2 Nbd7 9. Rd1 c5 10. e4 cxd4 11. Nxd4 Bc5 12. Nb3 Be7 13. Bg5 h6 14. Bh4 O-O 15. Nc3 b4 16. Na4 Bc6 17. Bxf6 Bxa4 18.
Bxe7 Qxe7 19. Bxa6 Nc5 20. Bc4 Bxb3 21. axb3 Qb7 22.
e5 Rfc8 23. h3 Rd8 24. Rxd8+ Rxd8 25. Qe3 Qc6 26. Ra7 Nd7 27. Kh2 Qc8 28. g3 Qb8 29. f4 Nf8 30. h4 Qc8 31. Qb6 Rd2+ 32. Kh3 Rxb2 33. Qxb4 Qd8 34. Qe7 Qd2 35. Qxf7+ Kh8 36. Qxg7# 1-0

[Event "*** Titled Tuesday Blitz"]
[Site "Chess.com"]
[Date "2020.05.26"]
[Round "6"]
[White "MarceloPlaya"]
[Black "Slovak_fighter2000"]
[Result "0-1"]
[WhiteElo "2356"]
[BlackElo "2477"]
[TimeControl "180+1"]
[EndTime "11:08:15 PDT"]
[Termination "Slovak_fighter2000 won on time"]

1. e4 e6 2. d4 d5 3. Nc3 Nf6 4. Bd3 c5 5. Nf3 Nc6 6. exd5 Nxd5 7. dxc5 Bxc5 8. Ne4 Be7 9. O-O O-O 10. a3 b6 11. c4 Nf6 12. Qc2 h6 13. b4 Bb7 14.
Bb2 Nxe4 15. Bxe4 Bf6 16. Rfd1 Qe7 17. Rac1 Rfd8 18. h3 Bxb2 19. Qxb2 Rxd1+ 20. Rxd1 Rd8 21. Rxd8+ Qxd8 22. c5 bxc5 23. bxc5 Qc7 24. Nd2 Nd8 25. Qc3 Bc6 26. Bd3 Nb7 27. Nb3 Bd5 28. Bc4 Be4 29.
Bb5 Bd5 30. c6 Nd6 31. Ba4 f6 32. Nd4 Kf7 33. Nb5 Nxb5 34. Bxb5 Ke7 35. Qc5+ Ke8 36. a4 Kf7 37. a5 g5 38. Ba4 h5 39. Bd1 h4 40. Bf3 Bxf3 41. gxf3 Qe7 42. Qb5 Qd6 43. Qb7+ Ke8 0-1